 Dungeon Crawl Stone Soup version 0.31.0-12-g77e489cdc1 (webtiles) character file.

Game seed: 8195161435721861361

116 PaiMei the Grave Robber (level 4, -14/33 HPs)
             Began as a Demonspawn Necromancer on Feb 12, 2024.
             Demolished by an ogre
             ... wielding a +0 giant spiked club
              (20 damage)
             ... on level 5 of the Dungeon.
             The game lasted 00:03:32 (3347 turns).

PaiMei the Grave Robber (Demonspawn Necromancer)    Turns: 3347, Time: 00:03:32

Health: -14/33     AC:  3    Str:  9    XL:     4   Next: 69%
Magic:  8/8        EV: 12    Int: 17    God:
Gold:   298        SH:  0    Dex: 13    Spells: 4/8 levels left

rFire   . . .        c - +0 dagger
rCold   . . .        (no shield)
rNeg    . . .        a - +0 robe
rPois   .            (no helmet)
rElec   .            (no cloak)
rCorr   .            (no gloves)
SInv    .            m - +0 pair of boots
Will    .....        (no amulet)
Stlth   ++           (no ring)
HPRegen 0.25/turn    (no ring)
MPRegen 0.11/turn

%: no passive effects
@: no status effects
A: claws 1, sturdy frame 1
a: no special abilities


You were on level 5 of the Dungeon.
You visited 1 branch of the dungeon, and saw 5 of its levels.

You collected 298 gold pieces.

Inventory:

Hand Weapons
 c - a +0 dagger (weapon)
Missiles
 o - 5 poisoned darts (quivered)
Armour
 a - a +0 robe (worn)
 m - a +0 pair of boots (worn)
Jewellery
 k - a ring of willpower
 n - a ring of flight
Scrolls
 e - a scroll of immolation {unknown}
 g - 2 scrolls of fear {unknown}
 i - 2 scrolls of identify {unknown}
 l - a scroll of enchant armour {unknown}
Potions
 b - 2 potions of magic
 d - a potion of ambrosia {unknown}
 f - 2 potions of curing {unknown}
 h - a potion of degeneration {unknown}
 j - a potion of haste {unknown}


   Skills:
 + Level 1.6 Fighting
 + Level 2.7 Dodging
 - Level 2.0 Stealth
 + Level 2.8 Spellcasting
 + Level 5.0 Necromancy


You had 4 spell levels left.
You knew the following spells:

 Your Spells              Type           Power      Damage    Failure   Level
a - Necrotise             Necr           76%        1d7       2%          1
b - Vampiric Draining     Necr           19%        2d7       7%          3

Your spell library contained the following spells:

 Spells                   Type           Power      Damage    Failure   Level
 Animate Dead             Necr           19%        N/A       22%         4
 Passage of Golubria      Tloc           2%         N/A       87%         4
 Curse of Agony           Necr           19%        N/A       52%         5
 Silence                  Hex/Air        1%         N/A       99%         5
 Sculpt Simulacrum        Ice/Alch       1%         N/A       100%        6
 Ozocubu's Refrigeration  Ice            1%         4d7       100%        7
 Lehudib's Crystal Spear  Conj/Erth      1%         10d2      100%        8
 Polar Vortex             Ice            1%         N/A       100%        9


Dungeon Overview and Level Annotations

Branches:
Dungeon (5/15)
 Temple: D:4-7

Altars:
Fedhas

Annotations:
D:3 3 runed translucent doors, Gadfly's ghost, amateur DsMo


Innate Abilities, Weirdness & Mutations

You have sharp fingernails.
Your movements are slightly less encumbered by armour. (ER -2)


Message History

Your orc skeleton barely misses the phantom.
Your orc skeleton hits the phantom but does no damage.
Your orc skeleton hits the phantom but does no damage.
Found 16 gold pieces.
Found a scroll labelled ROAXZOMMOQ and a long sword.
You hear the slow hiss of a distant avalanche of sand.
Found a ring mail.
An adder comes into view.
Found a scroll labelled NOTSIS GUTH and a scroll labelled ROAXZOMMOQ.
An ogre comes into view. It is wielding a +0 giant spiked club.
Found a stone staircase leading down.
The phantom hits you but does no damage.
Found a fizzy clear potion.
The ogre hits you with a +0 giant spiked club!
Ouch! That really hurt!
The phantom attacks as it pursues you! The phantom hits you!
* * * LOW HITPOINT WARNING * * *
The phantom blinks!
You blink.
You hit the phantom.
The phantom is lightly damaged.
The adder hisses angrily.
A scorpion comes into view.
The phantom hits you.
* * * LOW HITPOINT WARNING * * *
You hit the phantom but do no damage.
The phantom is lightly damaged.
The phantom closely misses you.
You closely miss the phantom.
The phantom is lightly damaged.
The phantom hits you.
* * * LOW HITPOINT WARNING * * *
You miss the phantom.
The phantom is lightly damaged.
The adder misses you. The phantom closely misses you.
You barely miss the phantom.
The phantom is lightly damaged.
The adder misses you.
The ogre hits you with a +0 giant spiked club!!
Ouch! That really hurt!
You die...

+ #..# + ##..######## +
#...?......# #
######..........# #
#........s....... ######
##..##...........
##...###........S.......
.........##.#..W@......#
##.##.##.##.....O......#
##.##....[.........#.#..
##.####..#.........#.##.
##.# ##........?.....!.
##.#######..............
##.##...................
##.##...................
##.##....##........#....


You could see an ogre, a phantom, a scorpion and an adder.

Vanquished Creatures
  An orc wizard (D:4)
  2 adders
  3 dart slugs
  3 orcs
  11 bats
  3 endoplasms (D:1)
  4 giant cockroaches
  4 goblins
  10 hobgoblins
  A quokka (D:3)
  2 ball pythons
  4 frilled lizards
  4 kobolds
  2 rats
54 creatures vanquished.

Vanquished Creatures (collateral kills)
  A ball python (D:1)
  2 bats
  A goblin (D:3)
  A hobgoblin (D:3)
  A kobold (D:1)
  A frilled lizard (D:1)
7 creatures vanquished.

Grand Total: 61 creatures vanquished

Notes
Turn   | Place    | Note
-------+----------+-------------------------------------------
     0 | D:1      | PaiMei the Demonspawn Necromancer began the quest for the
                  | Orb.
     0 | D:1      | Reached XP level 1. HP: 13/13 MP: 3/3
   249 | D:1      | Gained mutation: You have sharp fingernails. [demonic
                  | ancestry]
   249 | D:1      | Reached XP level 2. HP: 19/19 MP: 1/5
   853 | D:1      | Found a faded altar of an unknown god.
   860 | D:1      | Reached XP level 3. HP: 25/25 MP: 4/6
   864 | D:1      | Learned a level 3 spell: Vampiric Draining
  1082 | D:2      | Found a blossoming altar of Fedhas.
  1795 | D:2      | Reached skill level 1 in Fighting
  2538 | D:3      | Noticed Gadfly's ghost (amateur DsMo)
  2646 | D:3      | Found a runed translucent gate.
  2646 | D:3      | Found a runed translucent gate.
  2646 | D:3      | Found a runed translucent gate.
  2800 | D:3      | Gained mutation: Your movements are slightly less
                  | encumbered by armour. (ER -2) [demonic ancestry]
  2800 | D:3      | Reached XP level 4. HP: 32/32 MP: 5/7
  3062 | D:4      | Reached skill level 5 in Necromancy
  3272 | D:4      | You fall into a shaft and drop 1 floor!
  3272 | D:5      | Entered Level 5 of the Dungeon
  3300 | D:5      | Noticed a phantom
  3336 | D:5      | Noticed an ogre
  3343 | D:5      | Noticed a scorpion
  3347 | D:5      | Demolished by an ogre

Illustrated notes

Levels and vault maps discovered:
D:1:      dreamdust_arrival_beginning_and_end, layout_rooms,
          shapermc_ecumenical_altar_acropolis, minivault_26
D:2:      layout_loops_corners, basic_altar
D:3:      cheibrodos_greedy_goblins, layout_basic, gammafunk_ghost_split
D:4:      layout_loops_ring, tso_oasis_becter, mainiacjoe_overflow_alcove_2,
          minmay_temple_entry_glass, minivault_4, uniq_duvessa, uniq_grinder
D:5:      layout_rooms, mainiacjoe_overflow_alcove_4, enter_ossuary_5

Skill      XL: |  1  2  3  4 |
---------------+-------------+-----
Stealth        | 2 |  2.0
Dodging        | 2 |  2.7
Fighting       | 1 |  1.6
Necromancy     | 5 |  5.0
Spellcasting   | |  2.8

Action                     |  1- 3 |  4- 6 || total
---------------------------+-------+-------++-------
  Melee: Dagger            |    18 |    29 ||    47
         Unarmed           |     1 |       ||     1
   Cast: Necrotise         |    78 |    22 ||   100
 Armour: Robe              |    23 |    28 ||    51
  Dodge: Dodged            |    44 |    33 ||    77
